Map: 黃金之柱 - 天梯版

Players

MoRiArTy

  • Race: Protoss Protoss
  • League: Grandmaster
  • Spawn Location: 1:00

Rex - Winner!

  • Race: Zerg Zerg
  • League: Master
  • Spawn Location: 7:00

Event: DreamHack SC2 Masters 2020 Winter

VOD

Have the link to the VOD?

Description

Time

  • Played on: Oct. 13, 2020, 7:21 a.m.
  • Length: 6:51

All games in this series

Show
View Real Time Build Order
Export as new Build Order

MoRiArTy Protoss 

Build Orders: 1 Gate Expand, Phoenix Opening, Mass Phoenix 

Get SALT Encoding   

  12  0:00  Probe  
  13  0:12  Probe  
  14  0:20  Pylon  
  14  0:24  Probe  
  15  0:38  Probe (Chrono Boost)  
  15  0:40  Gateway  
  16  0:47  Probe (Chrono Boost)  
  16  0:49  Assimilator  
  17  0:52  Probe (Chrono Boost)  
  18  1:04  Probe  
  19  1:16  Probe  
  20  1:26  Nexus  
  20  1:36  Cybernetics Core  
  20  1:40  Assimilator  
  20  1:44  Probe (Chrono Boost)  
  21  1:52  Pylon  
  21  1:56  Probe (Chrono Boost)  
  22  2:03  Probe (Chrono Boost)  
  23  2:10  Adept (Chrono Boost), Probe  
  26  2:20  Stargate  
  26  2:23  Probe  
  27  2:31  Warp Gate  
  27  2:33  Adept  
  29  2:39  Probe (Chrono Boost)  
  29  2:41  Probe (Chrono Boost)  
  31  2:50  Probe (Chrono Boost)  
  33  2:53  Probe (Chrono Boost)  
  33  2:55  Probe (Chrono Boost)  
  33  2:56  Void Ray (Chrono Boost)  
  34  3:02  Probe  
  39  3:06  Probe  
  40  3:14  Probe  
  40  3:18  Probe  
  42  3:22  Gateway, Pylon  
  42  3:27  Probe  
  43  3:39  Phoenix (Chrono Boost)  
  45  3:41  Probe  
  45  3:42  Probe  
  45  3:43  Assimilator  
  45  3:45  Assimilator  
  47  3:51  Pylon  
  47  3:54  Probe x2  
  49  3:58  Stargate  
  49  4:05  Phoenix (Chrono Boost)  
  49  4:06  Probe  
  49  4:08  Probe  
  53  4:18  Probe  
  53  4:19  Pylon  
  53  4:20  Zealot, Probe  
  57  4:25  Phoenix (Chrono Boost)  
  57  4:30  Probe  
  60  4:35  Probe  
  61  4:42  Phoenix (Chrono Boost)  
  65  4:52  Phoenix (Chrono Boost)  
  65  4:53  Nexus  
  65  4:55  Pylon  
  65  4:59  Pylon  
  65  5:01  Phoenix (Chrono Boost)  
  65  5:06  Probe  
  68  5:08  Probe  
  71  5:18  Probe  
  71  5:19  Shield Battery  
  71  5:20  Phoenix (Chrono Boost), Probe  
  73  5:23  Phoenix (Chrono Boost)  
  75  5:30  Probe  
  75  5:32  Probe  
  77  5:38  Phoenix  
  77  5:41  Forge  
  77  5:42  Probe  
  80  5:48  Phoenix (Chrono Boost)  
  82  5:50  Sentry  
  79  6:00  Zealot  
  79  6:03  Phoenix (Chrono Boost)  
  82  6:06  Probe x2  
  82  6:16  Adept  
  82  6:18  Probe  
  84  6:28  Pylon  
  82  6:35  Shield Battery  
  82  6:36  Shield Battery  
  82  6:37  Forge  
  82  6:39  Pylon  
Show
View Real Time Build Order
Export as new Build Order

Rex Zerg - Winner!

Build Orders: Hatch First 

Get SALT Encoding   

  12  0:00  Drone  
  13  0:13  Overlord  
  13  0:18  Drone  
  14  0:31  Drone  
  14  0:32  Drone  
  16  0:51  Hatchery  
  16  0:54  Drone  
  16  0:57  Drone  
  16  1:01  Drone  
  18  1:10  Extractor  
  17  1:18  Spawning Pool  
  16  1:19  Drone  
  16  1:23  Drone  
  18  1:30  Drone  
  19  1:40  Drone  
  20  1:55  Overlord  
  20  2:04  Queen x2  
  20  2:05  Zergling x2  
  20  2:06  Zergling x2  
  26  2:11  Metabolic Boost  
  26  2:14  Drone  
  27  2:18  Drone  
  27  2:22  Drone  
  29  2:24  Drone  
  30  2:44  Hatchery  
  30  2:49  Queen  
  31  2:51  Drone  
  31  2:53  Drone  
  33  2:59  Overlord  
  33  3:02  Drone x2  
  35  3:10  Drone  
  36  3:18  Drone x3  
  36  3:19  Drone, Overlord  
  40  3:22  Drone  
  41  3:29  Queen  
  41  3:33  Spore Crawler  
  42  3:35  Overlord  
  42  3:39  Overlord  
  42  3:50  Drone x3, Evolution Chamber  
  44  3:57  Queen  
  44  3:59  Drone x3  
  44  4:00  Drone  
  50  4:03  Drone  
  50  4:06  Drone x2  
  50  4:08  Drone  
  54  4:10  Drone  
  54  4:12  Drone  
  54  4:16  Overlord  
  56  4:18  Zerg Melee Weapons Level 1  
  56  4:23  Drone  
  56  4:24  Spore Crawler  
  56  4:29  Overlord  
  56  4:31  Drone  
  56  4:32  Extractor  
  56  4:34  Baneling Nest  
  55  4:40  Drone x3  
  57  4:50  Zergling x16  
  65  4:55  Zergling x10  
  70  5:07  Zergling x8  
  70  5:12  Hatchery  
  72  5:21  Zergling x14  
  75  5:24  Overlord  
  75  5:25  Overlord x2  
  79  5:29  Baneling x6  
  79  5:30  Baneling x2  
  79  5:31  Baneling  
  79  5:32  Baneling x2  
  79  5:33  Baneling  
  78  5:37  Spore Crawler  
  78  5:41  Zergling x8  
  78  5:42  Baneling x2  
  81  5:48  Zergling x8  
  79  5:57  Zergling x12  
  79  6:02  Zergling x4  
  84  6:05  Zergling x2  
  84  6:06  Zergling x2  
  84  6:11  Baneling x2  
  81  6:12  Zergling x2  
  81  6:14  Baneling  
  81  6:15  Baneling x3, Zergling x10  
  84  6:20  Drone x4  
  84  6:25  Drone  
  86  6:26  Drone  
  86  6:28  Drone  
  90  6:33  Spore Crawler  
  90  6:39  Drone  
  88  6:50  Spore Crawler  
Tags
 
Add a new tag
Caveats
  • Supply blocks, unpowered buildings, or Contaminate may cause inaccurate times.
  • Supply counts are checked every 10 seconds.